 Dungeon Crawl Stone Soup version bcrawl-1.12-8-g964540c432 (webtiles) character file.

Game seed: 1299407865850079508

1963 Gumption the Covert (level 9, -2/61 HPs)
             Began as a Dusk Walker Fighter on June 3, 2019.
             Killed by divine providence
             ... invoked by an orc priest
              (13 damage)
             ... on level 6 of the Dungeon.
             The game lasted 00:27:25 (5178 turns).

Gumption the Covert (Dusk Walker Fighter)           Turns: 5178, Time: 00:27:26

Health: -2/61      AC: 13    Str: 21    XL:     9   Next: 0%
Magic:  0/9        EV:  8    Int:  8    God:
Gold:   291        SH: 12    Dex: 12    Spells: 8/8 levels left

rFire    . . .     SeeInvis .   a - +2 falchion (elec)
rCold    . . .     Gourm    .   c - +0 shield
rNeg     . . .     Faith    .   u - +0 plate armour
rPois    .         Spirit   +   r - +0 helmet
rElec    .         Reflect  .   (no cloak)
rCorr    .         Harm     .   (no gloves)
MR       +....                  (no boots)
Stlth    +++.......             j - amulet of guardian spirit
HPRegen  0.20/turn              p - +4 ring of evasion
MPRegen  0.11/turn              (no ring)

@: no status effects
A: draining touch, unencumbered stealth, fangs 3, nightstalker 1
a: no special abilities


You were on level 6 of the Dungeon.
You were not hungry.

You visited 1 branch of the dungeon, and saw 6 of its levels.

You collected 291 gold pieces.

Inventory:

Hand Weapons
 a - a +2 falchion of electrocution (weapon)
Missiles
 f - 969 stones
 h - 108 javelins of penetration (quivered)
 m - 63 poisoned tomahawks
 v - a throwing net {!f}
Armour
 c - a +0 shield (worn)
 r - a +0 helmet (worn)
 u - a +0 plate armour (worn)
Jewellery
 j - an amulet of guardian spirit (around neck)
 p - a +4 ring of evasion (left hand)
Wands
 d - a wand of flame (15)
 q - a wand of polymorph (11)
Scrolls
 i - 2 scrolls of identify
 k - 3 scrolls of remove curse
 n - a scroll of immolation {unknown}
 o - 3 scrolls of teleportation {unknown}
Potions
 b - a potion of heal wounds
 l - 4 potions of curing
 s - 2 potions of flight
 t - 2 potions of magic
 w - 2 potions of brilliance {unknown}
 x - a potion of mutation
 z - a potion of lignification {unknown}
 A - a potion of invisibility {unknown}
 B - a potion of resistance {unknown}
Comestibles
 e - 7 rations {!d}
 g - 2 chunks of flesh


   Skills:
 + Level 5.1 Fighting
   Level 5.6(6.3) Short Blades
 * Level 3.9(5.2) Long Blades
 + Level 5.4 Armour
 * Level 9.1 Stealth
 * Level 6.6 Shields


You had 8 spell levels left.
You didn't know any spells.
Your spell library contained the following spells:

 Spells                   Type           Power        Failure   Level  Hunger
 Silence                  Hex/Air        #.........   100%        5    ######.
 Summon Lightning Spire   Summ/Air       #.......     100%        5    ######.
 Conjure Ball Lightning   Conj/Air       #.........   100%        6    #######
 Deflect Missiles         Chrm/Air       #.........   100%        6    #######
 Tornado                  Air            #.........   100%        9    #######


Dungeon Overview and Level Annotations

Branches:
Dungeon (6/12)
 Temple: D:4-7

Altars:
Ashenzari
Dithmenos
Fedhas
Lugonu
Nemelex Xobeh
Qazlal
Vehumet
Yredelemnul

Shops:
D:4 !   D:5 }

Annotations:
D:6 Menkaure


Innate Abilities, Weirdness & Mutations

Your attacks drain your enemies.
You move stealthily even while encumbered by armour.
You have razor-sharp teeth.
You are slightly more attuned to the shadows.


Message History

Beogh smites you!
The orc warrior hits you but does no damage.
You block the worker ant's attack.
You closely miss the orc priest.
The orc priest is heavily wounded.
The worker ant bites you but does no damage.
You block the orc warrior's attack. You block the orc priest's attack.
You closely miss the orc priest.
The orc priest is heavily wounded.
The worker ant bites you.
The orc priest mumbles some strange prayers to Beogh against you.
Beogh smites you!
* * * LOW HITPOINT WARNING * * *
You block the orc warrior's attack.
The iguana hisses menacingly.
The orc priest hits you but does no damage.
You block the worker ant's attack.
The orc priest invokes the aid of Beogh against you.
Beogh smites you!
You die...

........ #.......# .#
##########.......###.####
................... ....
...######..#....). ..# #
##...............###..#.#
................@.oo....#
..#.......#)####..al....#
#.#...............##o.....
#......รท........###
......
...............#####......
###.....[.............)...
#...............##.#.)>.
#......########## .#....
........#


You could see an orc warrior, an iguana, a worker ant and 2 orc priests.

Vanquished Creatures
  Pikel (D:6)
  Grinder (D:5)
  A hippogriff (D:6)
  2 hungry ghosts
  An orc warrior (D:6)
  An ice beast (D:6)
  2 slaves
  2 phantoms
  A crimson imp (D:6)
  5 hounds
  3 orc wizards
  An orc priest (D:3)
  A bullfrog zombie (D:5)
  Terence (D:2)
  A howler monkey zombie (D:6)
  A howler monkey skeleton (D:4)
  3 adders
  4 oozes
  2 dart slugs
  6 worms
  3 leopard geckos
  21 orcs
  4 bats
  A giant cockroach (D:1)
  5 goblins
  8 hobgoblins
  6 jackals
  6 kobolds
  5 quokkas
  A ball python (D:3)
  3 frilled lizards
  2 gnoll zombies (D:2)
  A quokka zombie (D:5)
  9 rats
115 creatures vanquished.

Vanquished Creatures (others)
  A slave (D:6)
  A black bear (D:6)
  An orc wizard (D:6)
  A leopard gecko (D:6)
  2 orcs (D:6)
6 creatures vanquished.

Grand Total: 121 creatures vanquished

Notes
Turn   | Place    | Note
-------+----------+-------------------------------------------
     0 | D:1      | Gumption the Dusk Walker Fighter began the quest for the
                  | Orb.
     0 | D:1      | Reached XP level 1. HP: 16/16 MP: 1/1
   120 | D:1      | Reached skill level 1 in Stealth
   159 | D:1      | Reached XP level 2. HP: 19/21 MP: 2/2
   415 | D:1      | Reached skill level 2 in Stealth
   609 | D:2      | Reached XP level 3. HP: 23/26 MP: 3/3
   907 | D:2      | Found a basalt altar of Yredelemnul.
  1229 | D:2      | Noticed Terence
  1244 | D:2      | Killed Terence
  1244 | D:2      | Reached skill level 3 in Stealth
  1244 | D:2      | Gained mutation: You are slightly more attuned to the
                  | shadows. [Dusk Walker growth]
  1244 | D:2      | Reached XP level 4. HP: 31/31 MP: 4/4
  1581 | D:3      | Found a sparkling altar of Nemelex Xobeh.
  1821 | D:3      | Reached skill level 4 in Stealth
  1821 | D:3      | Reached XP level 5. HP: 33/36 MP: 5/5
  2192 | D:3      | Noticed an ice beast
  2631 | D:4      | Noticed a phantom
  2692 | D:4      | Killed a phantom
  2692 | D:4      | Reached XP level 6. HP: 36/43 MP: 6/6
  2907 | D:4      | Got a faintly humming ring mail
  2919 | D:4      | Found Orukeh's Distillery.
  3056 | D:4      | Reached skill level 5 in Stealth
  3223 | D:4      | Found a stormy altar of Qazlal.
  3276 | D:4      | Found a shadowy altar of Dithmenos.
  3276 | D:4      | Found a shattered altar of Ashenzari.
  3505 | D:5      | Entered Level 5 of the Dungeon
  3618 | D:5      | Noticed Grinder
  3656 | D:5      | Killed Grinder
  3656 | D:5      | Reached skill level 5 in Short Blades
  3656 | D:5      | Reached XP level 7. HP: 40/48 MP: 5/7
  3714 | D:5      | Reached skill level 6 in Stealth
  3872 | D:5      | Noticed a hungry ghost
  3907 | D:5      | Killed a hungry ghost
  3907 | D:5      | Reached skill level 5 in Shields
  3940 | D:5      | Found Gat Vuom's Gadget Emporium.
  3955 | D:5      | Found a blossoming altar of Fedhas.
  4097 | D:5      | Found a radiant altar of Vehumet.
  4304 | D:5      | Identified the +5 ring mail "Yxiynejo" {*Slow rN+ Str+2
                  | Dex+4} (You found it on level 4 of the Dungeon)
  4623 | D:6      | Found a corrupted altar of Lugonu.
  4631 | D:6      | Noticed Pikel
  4860 | D:6      | Killed Pikel
  4860 | D:6      | Reached skill level 5 in Armour
  4860 | D:6      | Reached skill level 8 in Stealth
  4860 | D:6      | Gained mutation: You have razor-sharp teeth. [Dusk Walker
                  | growth]
  4860 | D:6      | Reached XP level 8. HP: 44/54 MP: 8/8
  5053 | D:6      | Noticed a hippogriff
  5069 | D:6      | Killed a hippogriff
  5069 | D:6      | Reached skill level 5 in Fighting
  5086 | D:6      | Reached skill level 9 in Stealth
  5103 | D:6      | Reached XP level 9. HP: 48/61 MP: 7/9
  5138 | D:6      | Noticed Menkaure
  5178 | D:6      | Killed from afar by an orc priest

Skill      XL: |  1  2  3  4  5  6  7  8 |
---------------+-------------------------+-----
Stealth        | 1 2 3 4 5 8 9 |  9.1
Short Blades   | 3 4 5 |  5.6
Shields        | 4 6 |  6.6
Armour         | 4 5 |  5.4
Fighting       | 4 5 |  5.1
Long Blades    | 2 3 |  3.9

Action                   |  1- 3 |  4- 6 |  7- 9 || total
-------------------------+-------+-------+-------++-------
Melee: Rapier            |   117 |    92 |       ||   209
       Bite              |    14 |    24 |    16 ||    54
       Short sword       |       |    84 |    60 ||   144
       Falchion          |       |       |   136 ||   136
Throw: Stone             |    91 |    58 |    16 ||   165
       Javelin           |     3 |     2 |     4 ||     9
       Tomahawk          |       |    57 |    13 ||    70
  Use: Potion            |     1 |       |     1 ||     2
       Scroll            |       |     3 |     4 ||     7
 Stab: Sleeping          |     1 |       |       ||     1
  Eat: Chunk             |     1 |     5 |    17 ||    23
       Ration            |       |     1 |     1 ||     2
Armor: Scale mail        |    40 |       |       ||    40
       Chain mail        |       |    49 |       ||    49
       Plate armour      |       |    18 |   104 ||   122
Dodge: Dodged            |    28 |    27 |    55 ||   110
Block: Shield            |    54 |    65 |    81 ||   200
